Map: Hard Lead LE

Players

QuantumNoobs

  • Race: Zerg Zerg
  • Spawn Location: 11:00

QuantumNoobs - Winner!

  • Race: Protoss Protoss
  • League: Master
  • Spawn Location: 5:00

VOD

Have the link to the VOD?

Description

had a good start needed roachs i think faster and banes

Time

  • Played on: Feb. 25, 2024, 9:19 p.m.
  • Length: 8:23
Show
View Real Time Build Order
Export as new Build Order

QuantumNoobs Zerg 

Build Orders: Hatch First 

Get SALT Encoding   

  12  0:01  Drone  
  13  0:13  Overlord  
  13  0:17  Drone  
  14  0:31  Drone x2  
  16  0:36  Drone  
  17  0:55  Drone  
  17  0:56  Hatchery  
  17  0:59  Drone  
  18  1:11  Extractor  
  17  1:15  Spawning Pool  
  17  1:17  Drone  
  17  1:20  Drone  
  18  1:28  Drone  
  19  1:39  Overlord  
  19  2:05  Zergling x4  
  19  2:07  Zergling x2  
  22  2:11  Zergling x2  
  22  2:12  Queen x2  
  27  2:18  Spine Crawler  
  26  2:25  Metabolic Boost  
  26  2:28  Drone x2  
  28  2:43  Drone x3  
  31  2:52  Drone  
  31  2:53  Drone  
  31  2:55  Overlord  
  33  3:01  Extractor, Drone  
  33  3:12  Queen  
  35  3:13  Queen  
  37  3:21  Zergling x6  
  39  3:36  Zergling x10  
  39  3:38  Overlord  
  44  3:51  Zergling x2, Overlord  
  44  3:52  Overlord x2  
  43  4:01  Zergling x2  
  42  4:06  Zergling x2  
  41  4:12  Zergling x2  
  41  4:16  Zergling x2  
  42  4:21  Zergling x2  
  39  4:33  Drone x2  
  39  4:35  Baneling Nest  
  39  4:36  Zergling x2  
  39  4:37  Hatchery  
  40  4:45  Zergling x2  
  40  4:48  Drone  
  40  4:52  Drone  
  43  4:59  Queen  
  43  5:00  Queen  
  43  5:03  Zergling x8  
  43  5:04  Zergling x2  
  52  5:22  Baneling x4  
  52  5:23  Baneling x9  
  51  5:31  Zergling x2  
  51  5:32  Zergling x6  
  53  5:39  Drone  
  53  5:40  Drone x2  
  53  5:41  Drone  
  57  5:50  Queen  
  59  6:01  Zergling x6  
  59  6:02  Zergling x4  
  63  6:11  Zergling x8  
  55  6:14  Zergling x2  
  56  6:20  Drone, Roach Warren  
  53  6:29  Drone x4  
  53  6:31  Drone  
  58  6:38  Baneling x7  
  52  6:48  Zergling x4  
  52  6:49  Zergling x8  
  58  7:01  Zergling x4, Roach  
  59  7:02  Roach x2  
  59  7:03  Roach  
  59  7:07  Overlord  
  67  7:13  Overlord  
  66  7:25  Drone x2  
  66  7:26  Drone x5  
  73  7:30  Overlord x2  
  72  7:41  Zergling x8  
  75  7:50  Roach x5  
  77  7:59  Zergling x2  
  77  8:00  Zergling x4  
Show
View Real Time Build Order
Export as new Build Order

QuantumNoobs Protoss - Winner!

Build Orders: Nexus First 

Get SALT Encoding   

  12  0:00  Probe (Chrono Boost)  
  13  0:10  Probe (Chrono Boost)  
  14  0:15  Probe (Chrono Boost)  
  15  0:21  Pylon  
  15  0:39  Probe  
  16  0:55  Nexus  
  16  0:57  Probe  
  17  1:09  Probe  
  18  1:15  Gateway  
  18  1:20  Gateway  
  18  1:24  Probe  
  19  1:35  Assimilator  
  19  1:36  Probe  
  19  1:38  Assimilator  
  20  1:48  Probe  
  21  1:55  Pylon  
  21  1:57  Pylon  
  21  2:00  Probe  
  22  2:07  Cybernetics Core  
  22  2:13  Probe  
  23  2:15  Pylon  
  23  2:18  Probe (Chrono Boost)  
  24  2:26  Probe (Chrono Boost)  
  26  2:30  Probe (Chrono Boost)  
  26  2:36  Probe (Chrono Boost)  
  27  2:37  Probe (Chrono Boost)  
  27  2:40  Probe (Chrono Boost)  
  27  2:43  Adept, Warp Gate (Chrono Boost)  
  27  2:44  Probe, Adept  
  32  2:51  Probe  
  34  2:54  Pylon  
  34  2:57  Probe  
  35  3:03  Probe  
  36  3:07  Twilight Council  
  36  3:09  Probe  
  37  3:15  Probe  
  38  3:21  Probe  
  38  3:25  Stalker  
  41  3:27  Probe  
  41  3:33  Probe  
  43  3:36  Stalker  
  43  3:39  Probe  
  43  3:57  Probe x2  
  43  4:01  Stalker  
  47  4:04  Blink (Chrono Boost)  
  47  4:06  Stalker  
  47  4:09  Probe x2 (Chrono Boost)  
  49  4:21  Probe (Chrono Boost)  
  51  4:27  Probe (Chrono Boost)  
  51  4:30  Probe (Chrono Boost)  
  52  4:34  Probe (Chrono Boost)  
  52  4:36  Probe  
  54  4:44  Gateway  
  54  4:46  Gateway  
  54  4:48  Gateway  
  54  4:51  Gateway  
  54  4:52  Pylon  
  54  4:53  Pylon  
  54  4:58  Shield Battery  
  54  5:00  Pylon  
  54  5:08  Assimilator  
  54  5:10  Assimilator, Probe x2  
  56  5:15  Pylon  
  56  5:18  Pylon  
  54  5:22  Probe x2  
  54  5:25  Stalker x2  
  60  5:32  Templar Archives  
  60  5:34  Probe x2  
  62  5:42  Charge  
  60  5:46  Stalker x3  
  60  5:49  Stalker  
  68  5:50  Probe  
  68  5:55  Zealot  
  68  5:56  Zealot  
  68  5:57  Probe  
  62  6:21  Stalker  
  62  6:22  Stalker x5  
  62  6:25  Nexus  
  74  6:34  Pylon  
  72  6:49  Stalker x5  
  72  6:50  Probe, Stalker  
  72  6:52  Probe  
  84  7:03  Probe  
  84  7:04  Probe  
  86  7:12  Stalker x4  
  86  7:15  Stalker  
  96  7:26  Stalker  
  98  7:30  Probe  
  98  7:32  Gateway  
  98  7:34  Gateway, Probe  
  98  7:35  Pylon  
  100  7:39  Zealot x2  
  104  7:46  Probe  
  105  8:03  Stalker x4  
  105  8:04  Stalker x2  
  105  8:05  Probe  
  114  8:06  Probe x2  
Tags
 
Add a new tag
Caveats
  • Supply blocks, unpowered buildings, or Contaminate may cause inaccurate times.
  • Supply counts are checked every 10 seconds.